 Dungeon Crawl Stone Soup version 0.30.0-29-ga12c61a403 (webtiles) character file.

Game seed: 6155191905527971374

4259 Dadbod the Cleaver (level 10, -22/76 HPs)
             Began as a Formicid Fighter on June 20, 2023.
             Was a Believer of Okawaru.
             Annihilated by a large abomination (23 damage)
             ... on level 1 of the Abyss.
             The game lasted 00:22:16 (7919 turns).

Dadbod the Cleaver (Formicid Fighter)               Turns: 7919, Time: 00:22:17

Health: -22/76     AC: 21    Str: 22      XL:     10   Next: 56%
Magic:  9/11       EV: 11    Int:  3 (5)  God:    Okawaru [**....]
Gold:   368        SH:  7    Dex: 11      Spells: 5/9 levels left

rFire   . . .        b - +3 hand axe (heavy)
rCold   x . .        c - +0 buckler
rNeg    . . .        d - +2 chain mail "Plog" {+Inv rCorr}
rPois   .            (helmet unavailable)
rElec   .            x - +0 cloak
rCorr   +            m - +0 pair of gloves
SInv    +            (no boots)
Will    +....        (no amulet) Stlth
                     e - +4 ring of protection
HPRegen 0.32/turn    (no ring)
MPRegen 0.12/turn

%: no passive effects
@: heroic, unable to read
A: permanent stasis, dig shafts and tunnels, antennae 3, four strong arms,
[clumsy 2], [deterioration 2], [dopey 2], [low MP 2], [cold vulnerability 1],
[subdued magic 1], [inability to read after injury 1]
a: Dig, Shaft Self, Renounce Religion, Evoke Invisibility, Heroism


You were on level 1 of the Abyss.
You worshipped Okawaru.
Okawaru was pleased with you.
You visited 2 branches of the dungeon, and saw 9 of its levels.
You visited the Abyss 1 time.

You collected 468 gold pieces.
You spent 100 gold pieces at shops.

Inventory:

Hand Weapons
 a - a +0 war axe
 b - a +3 heavy hand axe (weapon)
 l - a +0 battleaxe
Missiles
 q - 2 boomerangs (quivered)
 r - 2 silver boomerangs
 v - a throwing net
Armour
 c - a +0 buckler (worn)
 d - the +2 chain mail "Plog" (worn) {+Inv rCorr}
   (You acquired it on level 2 of the Dungeon)

   +Inv:      It lets you turn invisible.
   rCorr:     It protects you from acid and corrosion.
 m - a +0 pair of gloves (worn)
 x - a +0 cloak (worn)
Jewellery
 e - a +4 ring of protection (left hand)
 g - an amulet of guardian spirit
 s - an amulet of the acrobat
Wands
 t - a wand of flame (14)
 y - a wand of digging (4)
Scrolls
 k - 3 scrolls of fear
 o - a scroll of fog
 p - a scroll of immolation
Potions
 h - a potion of invisibility
 i - 5 potions of attraction
 j - a potion of flight
 n - a potion of lignification


   Skills:
 * Level 6.2(11.2) Fighting
 * Level 9.6(14.6) Axes
 * Level 4.0(9.0) Throwing
 * Level 6.9(11.9) Armour
 * Level 2.4(7.4) Dodging
 - Level 0.2(5.2) Stealth
 * Level 7.2(12.2) Shields
 * Level 6.0 Invocations


You had 5 spell levels left.
You knew the following spells:

 Your Spells              Type           Power      Damage    Failure   Level
a - Olgreb's Toxic Radia  Pois           0%         N/A       100%        4

Your spell library contained the following spells:

 Spells                   Type           Power      Damage    Failure   Level
 Necrotise                Necr           0%         1d4       96%         1
 Sting                    Tmut/Pois      0%         1d3       96%         1
 Lesser Beckoning         Tloc           0%         N/A       99%         2
 Poisonous Vapours        Pois/Air       0%         N/A       99%         2
 Scorch                   Fire           0%         2d5       99%         2
 Gell's Gravitas          Tloc           0%         N/A       100%        3
 Teleport Other           Tloc           0%         N/A       100%        3
 Vampiric Draining        Necr           0%         2d6       100%        3
 Flame Wave               Conj/Fire      0%         2d4       100%        4
 Agony                    Necr           0%         N/A       100%        5
 Borgnjor's Revivificati  Necr           0%         N/A       100%        8
 Necromutation            Tmut/Necr      0%         N/A       100%        8
 Death's Door             Necr           0%         N/A       100%        9
 Summon Cactus Giant      Summ           Unusable   N/A       N/A         6

Dungeon Overview and Level Annotations

Branches:
Dungeon (8/15)             Temple (1/1) D:4
   Lair: D:8-11

Altars:
Ashenzari
Cheibriados
Dithmenos
Elyvilon
Fedhas
Gozag
Kikubaaqudgha
Makhleb
Okawaru
Qazlal
Ru
Sif Muna
Trog
Uskayaw
Vehumet
Wu Jian
Xom
Yredelemnul
Zin
The Shining One

Shops:
D:4 *   D:5 (

Annotations:
D:8 Psyche


Innate Abilities, Weirdness & Mutations

You cannot be hasted, slowed, berserked, paralysed or teleported.
You can dig through walls and to a lower floor.
You have a pair of large antennae on your head. (SInv)
Your four strong arms can wield two-handed weapons with a shield.
[You are very clumsy. (Dex -4)]
[Your body often deteriorates upon taking damage.]
[You are very dopey. (Int -4)]
[Your magical capacity is very low. (-20% MP)]
[You are vulnerable to cold. (rC-)]
[Your spells are a little easier to cast, but a little less powerful.]
[You occasionally lose the ability to read scrolls when taking damage.]


Message History

You start resting.
A large abomination comes into view.
Throw: dart (curare)
Press: ? - help, Q - select action, (/) - cycle Shift-Dir - straight line, f - large abomination
Aim: a large abomination (79% to hit)
You throw a curare-tipped dart.
The curare-tipped dart barely misses the large abomination.
Throw: 2 boomerangs
Press: ? - help, Q - select action, (/) - cycle Shift-Dir - straight line, f/p - large abomination
Aim: a large abomination (79% to hit)
You throw a boomerang.
The boomerang hits the large abomination.
The large abomination is lightly damaged.
You gain the combat prowess of a mighty hero.
Okawaru will no longer gift you throwing weapons.
Throw: 2 boomerangs
Press: ? - help, Q - select action, (/) - cycle Shift-Dir - straight line, f/p - large abomination
Aim: a large abomination (lightly damaged, 82% to hit)
You throw a boomerang.
The boomerang hits the large abomination but does no damage.
The large abomination is lightly damaged.
The large abomination hits you.
* * * LOW HITPOINT WARNING * * *
You barely miss the large abomination.
The large abomination is lightly damaged.
You slash the large abomination!
The large abomination is moderately damaged.
The large abomination misses you.
You slash the large abomination!
The large abomination is heavily damaged.
A quasit comes into view.
The large abomination hits you!!
You feel threatened and lose the ability to read scrolls!
* * * LOW HITPOINT WARNING * * *
Your body deteriorates!
You feel dopey.
The quasit gives a chilling moan.
You hit the large abomination but do no damage.
The large abomination is heavily damaged.
The large abomination hits you!!
You die...

. # . . . # #
# .#. .## # #
# _ .5. . ..
. . #.# .. #
. ..# ##.# #
.##.
#.####.###(§#
. .##..
#.X..#§ .. .
#.#@#§ # #.
.# . ##.# . .
. .. ### # .
# . # .# ## .
#. #.# . . #
. ## .


You could see a large abomination and a quasit.

Vanquished Creatures
  A wretched star (Abyss:1)
  Pikel (D:4)
  Sigmund (D:2)
  A wraith (Abyss:1)
  A wyvern (D:7)
  4 yaks (D:8)
  A chaos spawn (Abyss:1)
  A small abomination (Abyss:1)
  An orc warrior (D:7)
  2 black bears
  A centaur (D:6)
  3 phantoms
  A lemure (D:4)
  A bullfrog (D:7)
  A kobold brigand (D:6)
  2 gnoll sergeants
  A scorpion (D:7)
  3 killer bees (D:7)
  An electric eel (D:7)
  2 howler monkeys (D:7)
  4 jellies
  6 orc priests
  4 hounds
  3 iguanas
  3 orc wizards
  14 gnolls
  3 adders (D:5)
  3 white imps
  5 worms
  3 dart slugs
  29 orcs
  5 endoplasms
  2 giant cockroaches
  33 goblins
  26 hobgoblins (D:3)
  5 jackals
  13 kobolds
  2 quokkas (D:1)
  6 ball pythons
  5 bats
  4 frilled lizards (D:3)
  4 rats
212 creatures vanquished.

Notes
Turn   | Place    | Note
-------+----------+-------------------------------------------
     0 | D:1      | Dadbod the Formicid Fighter began the quest for the Orb.
     0 | D:1      | Reached XP level 1. HP: 18/18 MP: 1/1
   235 | D:1      | Reached XP level 2. HP: 24/24 MP: 2/2
   908 | D:2      | Noticed Sigmund
   915 | D:2      | Killed Sigmund
   916 | D:2      | Reached skill level 3 in Axes
   916 | D:2      | Reached skill level 5 in Shields
   916 | D:2      | Reached XP level 3. HP: 11/31 MP: 3/3
   916 | D:2      | Reached XP level 4. HP: 13/38 MP: 4/4
   916 | D:2      | Reached XP level 5. HP: 15/43 MP: 5/5
  1023 | D:2      | Learned a level 4 spell: Olgreb's Toxic Radiance
  1310 | D:2      | Identified a scroll of acquirement
  1310 | D:2      | Acquired the +2 chain mail "Plog" {+Inv rCorr}
  1557 | D:2      | Reached XP level 6. HP: 49/49 MP: 4/6
  2119 | D:3      | Reached skill level 4 in Axes
  2545 | D:3      | Reached XP level 7. HP: 53/55 MP: 5/7
  2725 | D:3      | Found a faded altar of an unknown god.
  3054 | D:4      | Found a staircase to the Ecumenical Temple.
  3074 | Temple   | Entered the Ecumenical Temple
  3527 | D:4      | Found a hide-covered altar of Uskayaw.
  3601 | D:4      | Reached skill level 5 in Axes
  3615 | D:4      | You fall into a shaft and drop 1 floor!
  3615 | D:5      | Entered Level 5 of the Dungeon
  3704 | D:5      | Found a shimmering altar of Xom.
  3877 | D:4      | Found a sacrificial altar of Ru.
  4007 | D:4      | Found Xorug's Assorted Antiques.
  4012 | D:4      | Bought an ivory ring for 100 gold pieces
  4437 | D:5      | Found Kiror's Weapon Shop.
  4468 | D:5      | Noticed Pikel
  4615 | D:4      | Killed Pikel
  4616 | D:4      | Reached skill level 5 in Fighting
  4616 | D:4      | Reached skill level 6 in Axes
  4616 | D:4      | Reached skill level 1 in Throwing
  4616 | D:4      | Reached skill level 5 in Armour
  4616 | D:4      | Reached XP level 8. HP: 32/62 MP: 4/8
  4922 | D:5      | Reached skill level 7 in Axes
  4922 | D:5      | Reached skill level 1 in Dodging
  5336 | D:5      | Found an iron altar of Okawaru.
  5346 | D:5      | Became a worshipper of Warmaster Okawaru
  5544 | D:6      | Reached XP level 9. HP: 55/68 MP: 7/9
  5594 | D:6      | Reached skill level 8 in Axes
  5877 | D:6      | Reached skill level 1 in Invocations
  5912 | D:6      | Found an opulent altar of Gozag.
  6153 | D:6      | Reached * piety under Okawaru
  6568 | D:7      | Reached skill level 5 in Invocations
  6819 | D:7      | Found a broken altar of Ashenzari.
  7093 | D:7      | Found a glowing golden altar of the Shining One.
  7170 | D:7      | Found a white marble altar of Elyvilon.
  7230 | D:7      | Reached ** piety under Okawaru
  7510 | D:8      | Reached XP level 10. HP: 56/76 MP: 14/14
  7721 | D:8      | Noticed Psyche
  7738 | D:8      | Reached skill level 9 in Axes
  7754 | Abyss:1  | Cast into level 1 of the Abyss (Psyche)
  7810 | Abyss:1  | Noticed a wretched star
  7830 | Abyss:1  | Killed a wretched star
  7830 | Abyss:1  | Reached *** piety under Okawaru
  7840 | Abyss:1  | HP: 3/76 [small abomination (8)]
  7844 | Abyss:1  | Found a corrupted altar of Lugonu.
  7918 | Abyss:1  | HP: 1/76 [large abomination (22)]
  7919 | Abyss:1  | Annihilated by a large abomination

Illustrated notes

Levels and vault maps discovered:
D:1:      kennysheep_arrival_seaside, layout_basic, chequers_garden,
          serial_bayou_pond_d
D:2:      layout_basic, serial_glass, glass_columns_a, glass_columns_a,
          due_unseen_surprise, minmay_strange_pillars, feat_on_display,
          uniq_sigmund
D:3:      minmay_goblin_kobold_castle, layout_rooms,
          ebering_ecumenical_altar_rust, kennysheep_crisscross,
          kennysheep_generic_room_11
D:4:      layout_rooms, nicolae_ru_path_of_blood,
          eat_drink_and_be_merry_uskayaw, minmay_temple_entry_glass,
          serial_shops, nicolae_shop_rolling_square
D:5:      layout_loops_ring, nicolae_overflow_crystal_walls,
          kennysheep_okawaru_gauntlet, serial_shops, shop, st_stairs_1,
          minmay_fractal_squares_gapless_5, uniq_pikel
D:6:      layout_loops_ring, mainiacjoe_overflow_small_starburst
D:7:      layout_gridville, elyvilon_altar_1,
          mainiacjoe_overflow_six_doors_small, tso_oasis_becter,
          lightli_minifort
D:8:      layout_loops_corners, gammafunk_ghost_berserking_beasts, uniq_psyche
Temple:   minmay_temple_forest_path
Abyss:1:  base: D:2, evilmike_abyss_exit_vortex, hangedman_decor_points

Skill      XL: |  1  2  3  4  5  6  7  8  9 10 |
---------------+-------------------------------+-----
Fighting       | 4 5 6 |  6.2
Axes           | 3 4 6 7 8 9 |  9.6
Armour         | 4 5 6 |  6.9
Shields        | 5 6 7 |  7.2
Throwing       | 1 2 3 4 |  4.0
Dodging        | 1 2 |  2.4
Invocations    | 5 6 |  6.0
Stealth        | |  0.2

Action                     |  1- 3 |  4- 6 |  7- 9 | 10-12 || total
---------------------------+-------+-------+-------+-------++-------
  Melee: War axe           |    26 |   199 |   282 |       ||   507
         Hand axe          |       |       |    57 |    69 ||   126
  Throw: Boomerang         |       |       |     5 |     2 ||     7
         Dart              |       |       |       |     1 ||     1
 Invoke: Heroism           |       |       |       |     3 ||     3
Ability: Dig               |     1 |     1 |       |       ||     2
  Evoke: Wand              |       |       |     3 |       ||     3
    Use: Potion            |     1 |       |     2 |     3 ||     6
         Scroll            |       |     9 |    11 |       ||    20
   Stab: Invisible         |       |       |       |     2 ||     2
 Armour: Scale mail        |    14 |     7 |       |       ||    21
         Chain mail        |       |   114 |   268 |    23 ||   405
         Skin              |       |       |    31 |       ||    31
  Dodge: Dodged            |     7 |    93 |   160 |    21 ||   281
  Block: Buckler           |     7 |    72 |    95 |    11 ||   185
